 Dungeon Crawl Stone Soup version 0.29.1-2-gbd0b4ee654 (webtiles) character file.

Game seed: 6351391318494102920

37 hawla the Chiller (level 3, -1/25 HPs)
             Began as a Gnoll Ice Elementalist on Nov 22, 2022.
             Killed by an exploding rat (22 damage)
             ... ignited by their inner flame
             ... on level 3 of the Dungeon.
             The game lasted 00:03:20 (1585 turns).

hawla the Chiller (Gnoll Ice Elementalist)          Turns: 1585, Time: 00:03:20

Health: -1/25      AC:  2    Str:  7    XL:     3   Next: 41%
Magic:  9/9        EV: 17    Int: 16    God:
Gold:   32         SH:  0    Dex: 12    Spells: 8/12 levels left

rFire   . . .      SeeInvis .   n - +2 dagger (venom)
rCold   + . .      Faith    .   (no shield)
rNeg    . . .      Spirit   .   a - +0 robe
rPois   .          Reflect  .   (no helmet)
rElec   .          Harm     .   (no cloak)
rCorr   .          Rampage  .   (no gloves)
Will    .....                   (no boots)
Stlth   ++........              (no amulet)
HPRegen 0.08/turn               i - +4 ring of evasion
MPRegen 0.11/turn               g - ring of protection from cold

@: no status effects
A: fangs 1, strong nose, distributed training
a: no special abilities


You were on level 3 of the Dungeon.
You visited 1 branch of the dungeon, and saw 3 of its levels.

You collected 32 gold pieces.

Inventory:

Hand Weapons
 n - a +2 dagger of venom (weapon)
Missiles
 d - 3 poisoned darts
 f - 4 boomerangs
Armour
 a - a +0 robe (worn)
Jewellery
 e - a ring of willpower
 g - a ring of protection from cold (right hand)
 i - a +4 ring of evasion (left hand)
Potions
 b - a potion of magic
 c - a potion of invisibility {unknown}
 h - a potion of heal wounds {unknown}
 j - a potion of cancellation {unknown}
 k - a potion of curing {unknown}
 l - a potion of degeneration {unknown}


   Skills:
 + Level 0.8 Fighting
 + Level 0.8 Short Blades
 + Level 0.8 Long Blades
 + Level 0.8 Axes
 + Level 0.8 Maces & Flails
 + Level 0.8 Polearms
 + Level 0.8 Staves
 + Level 0.8 Ranged Weapons
 + Level 0.8 Throwing
 + Level 0.8 Armour
 + Level 4.5 Dodging
 + Level 4.1 Stealth
 + Level 0.8 Shields
 + Level 0.8 Unarmed Combat
 + Level 5.0 Spellcasting
 + Level 0.5 Conjurations
 + Level 0.5 Hexes
 + Level 0.5 Summonings
 + Level 0.5 Necromancy
 + Level 0.5 Translocations
 + Level 0.5 Transmutations
 + Level 0.5 Fire Magic
 + Level 7.1 Ice Magic
 + Level 0.5 Air Magic
 + Level 0.5 Earth Magic
 + Level 0.5 Poison Magic
 + Level 1.0 Invocations
 + Level 0.8 Evocations


You had 8 spell levels left.
You knew the following spells:

 Your Spells              Type           Power      Damage    Failure   Level
a - Freeze                Ice            100%       1d11      1%          1
b - Frozen Ramparts       Ice            52%        1d8       2%          3

Your spell library contained the following spells:

 Spells                   Type           Power      Damage    Failure   Level
 Ozocubu's Armour         Ice            26%        N/A       2%          3
 Beastly Appendage        Tmut           10%        N/A       12%         1
 Summon Small Mammal      Summ           20%        N/A       12%         1
 Wereblood                Tmut           5%         N/A       19%         2
 Hailstorm                Conj/Ice       16%        3d6       30%         4
 Call Canine Familiar     Summ           5%         N/A       34%         3
 Spider Form              Tmut/Pois      5%         N/A       34%         3
 Summon Guardian Golem    Hex/Summ       5%         N/A       34%         3


Dungeon Overview and Level Annotations

Branches:
Dungeon (3/15)

Altars:

Shops:
D:1 (


Innate Abilities, Weirdness & Mutations

You have very sharp teeth.
Your uncanny sense of smell can sniff out nearby items.
Your experience applies equally to all skills.


Message History

You travel at normal speed.
The bat hits you but does no damage. The bat misses you.
Your bat closely misses the bat.
The bat hits you. The bat attacks as you move away! The bat hits you.
The bat completely misses you. The bat hits your bat.
Flame seeps out of your bat.
Your bat is engulfed in blazing flames.
Your bat's corpse dissolves into shadows!
Your bat explodes!
The bat closely misses you. The bat hits you.
You open the door. The bat misses you. The bat hits you.
The bat closely misses you. The bat misses you.
There is an open door here.
You swap places.
Your bat barely misses the bat.
The bat closely misses your bat.
Your bat hits the bat but does no damage.
The bat hits you but does no damage. The bat closely misses you.
Your bat hits the bat but does no damage.
The bat barely misses you. The bat hits you.
As you read the scroll labelled UPPACZ CUPLA, it crumbles to dust.
You feel aware of your surroundings.
You sensed 1 shop/portal.
It was a scroll of magic mapping.
The bat hits you but does no damage.
Your bat closely misses the bat.
The bat completely misses you. The bat barely misses you.
Your bat barely misses the bat.
The bat closely misses your bat. The bat hits you but does no damage.
Your rat misses the bat. The bat hits your rat. Flame seeps out of your rat.
The bat hits your rat. Flame seeps out of your rat.
Your bat hits the bat.
Flame seeps out of the bat.
The bat is engulfed in blazing flames.
The bat explodes!
The fiery explosion engulfs your rat!!
Your rat's corpse dissolves into shadows!
The fiery explosion engulfs your bat.
Your bat's corpse dissolves into shadows!
Your bat explodes!
Your rat explodes!
The fiery explosion engulfs you!!
Ouch! That really hurt!
You die...

*#####..............#
**,,,,,
#...................#
*,,,,**
########............#
*,*****
#.###........#
*,***** #r#
#.....§..# *,,,,,,
#b# #..§§§§..#
******* #.#
###§○§#### #.# #§○§##
#r####§@§# #....'...#
######...# #...#
#...# #...# #...#
#...# #...#


There were no monsters in sight!

Vanquished Creatures
  An adder (D:2)
  A worm (D:2)
  A dart slug (D:1)
  5 endoplasms
  A giant cockroach (D:2)
  A goblin (D:2)
  4 hobgoblins
  A ball python (D:1)
  3 bats
  A frilled lizard (D:2)
  5 rats
24 creatures vanquished.

Notes
Turn   | Place    | Note
-------+----------+-------------------------------------------
     0 | D:1      | hawla the Gnoll Ice Elementalist began the quest for the
                  | Orb.
     0 | D:1      | Reached XP level 1. HP: 13/13 MP: 6/6
   286 | D:1      | Found Nimpeet's Antique Weapon Emporium.
   577 | D:1      | Reached XP level 2. HP: 18/20 MP: 4/7
  1137 | D:2      | Reached skill level 5 in Spellcasting
  1137 | D:2      | Reached XP level 3. HP: 25/25 MP: 4/9
  1141 | D:2      | Reached skill level 1 in Invocations
  1145 | D:2      | Learned a level 3 spell: Frozen Ramparts
  1585 | D:3      | Killed by an exploding rat... ignited by their inner flame

Illustrated notes

Levels and vault maps discovered:
D:1:      dpeg_chamrin_arrival_tetris, layout_loops_ring, serial_shops,
          nicolae_shop_behind_doors
D:2:      minmay_skewed_foursquare, layout_rooms
D:3:      layout_basic, gup_sewer_entry_spiral, uniq_sigmund

Skill      XL: |  1  2  3 |
---------------+----------+-----
Spellcasting   | 5 |  5.0
Invocations    | 1 |  1.0
Fighting       | |  0.8
Short Blades   | |  0.8
Long Blades    | |  0.8
Axes           | |  0.8
Maces & Flails | |  0.8
Polearms       | |  0.8
Staves         | |  0.8
Ranged Weapons | |  0.8
Throwing       | |  0.8
Armour         | |  0.8
Dodging        | |  4.5
Stealth        | |  4.1
Shields        | |  0.8
Unarmed Combat | |  0.8
Conjurations   | |  0.5
Hexes          | |  0.5
Summonings     | |  0.5
Necromancy     | |  0.5
Translocations | |  0.5
Transmutations | |  0.5
Fire Magic     | |  0.5
Ice Magic      | |  7.1
Air Magic      | |  0.5
Earth Magic    | |  0.5
Poison Magic   | |  0.5
Evocations     | |  0.8

Action                   || total
-------------------------++-------
Melee: Unarmed           ||    14
       Bite              ||     2
       Punch             ||     1
 Cast: Freeze            ||    32
       Frozen Ramparts   ||     1
  Use: Scroll            ||     3
 Stab: Sleeping          ||     1
Armor: Robe              ||    10
Dodge: Dodged            ||    41
